 Dungeon Crawl Stone Soup version 0.28.0-43-g3370ac3207 (webtiles) character file.

Game seed: 17275106308868493046

22455 MirrMurr the Spear-Bearer (level 12, -6/97 HPs)
             Began as a Demonspawn Berserker on Mar 12, 2022.
             Was a Priest of Trog.
             Killed by divine providence
             ... invoked by a meliai
              (15 damage)
             ... in a Gauntlet on Mar 19, 2022.
             The game lasted 00:36:19 (17979 turns).

MirrMurr the Spear-Bearer (Demonspawn Berserker)   Turns: 17979, Time: 00:36:20

Health: -6/97      AC: 21    Str: 22    XL:     12   Next: 63%
Magic:  12/12      EV: 10    Int:  9    God:    Trog [***...]
Gold:   939        SH:  9    Dex: 13    Spells: 11/11 levels left

rFire   . . .      SeeInvis +   a - +4 trident (freeze)
rCold   . . .      Faith    .   s - +0 kite shield
rNeg    . . .      Spirit   .   v - +4 chain mail
rPois   .          Reflect  .   (helmet unavailable)
rElec   .          Harm     .   (no cloak)
rCorr   .          Rampage  .   q - +2 pair of gloves
Will    .....      NoTele   +   C - +1 pair of boots {Fly}
Stlth   ..........              o - amulet of the acrobat
HPRegen 0.26/turn               (no ring)
MPRegen 0.13/turn               (no ring)

@: on berserk cooldown, flying, slowed, very slow
A: antennae 3, powered by death 1, demonic magic 1, weakness stinger 2
a: Renounce Religion, Berserk, Trog's Hand


You were in a Gauntlet.
You worshipped Trog.
Trog was most pleased with you.
You visited 3 branches of the dungeon, and saw 14 of its levels.
You also visited: Gauntlet.

You collected 944 gold pieces.
You spent 5 gold pieces at shops.

Inventory:

Hand Weapons
 a - a +4 trident of freezing (weapon)
 b - a +0 hunting sling
Missiles
 f - 480 stones
 l - 15 boomerangs (quivered)
 m - 27 poisoned darts
 y - 66 sling bullets
Armour
 q - a +2 pair of gloves (worn)
 s - a +0 kite shield (worn)
 v - a +4 chain mail (worn)
 C - a +1 pair of boots of flying (worn)
Jewellery
 o - an amulet of the acrobat (around neck)
Wands
 j - a wand of digging (2)
 k - a wand of flame (27)
 r - a wand of paralysis (6)
 u - a wand of iceblast (21)
Scrolls
 e - 2 scrolls of magic mapping
 h - a scroll of fear
 i - a scroll of identify
 E - a scroll of immolation
 F - a scroll of silence
 H - 2 scrolls of teleportation
Potions
 c - a potion of berserk rage
 d - 2 potions of haste
 n - 4 potions of curing
 p - 2 potions of mutation
 t - 3 potions of might
 w - a potion of lignification
 x - 2 potions of resistance
 z - a potion of invisibility
 A - 2 potions of heal wounds
 B - a potion of ambrosia


   Skills:
 + Level 9.9 Fighting
 * Level 12.5 Polearms
 + Level 8.8 Armour
 + Level 8.9 Dodging
 + Level 4.2 Shields


You had 11 spell levels left.
You didn't know any spells.
Your spell library was empty.

Dungeon Overview and Level Annotations

Branches:
Dungeon (12/15)            Temple (1/1) D:5            Lair (1/6) D:8
    Orc (0/2) D:10        Gauntlet (1/1)

Altars:
Elyvilon
Hepliaklqana
Nemelex Xobeh
Ru
Uskayaw
Vehumet
Zin

Shops:
D:3 *   D:6 =   D:8 *   D:9 *   D:10 ?

Annotations:
D:1 fly
D:3 2 runed translucent doors, Revguard's ghost, amateur DjGl
D:9 3 runed translucent doors, denis1488's ghost, novice DrTm; glosham's ghost, amateur OpDe; joakim's ghost, novice MiBe Gauntlet 9 transporters


Innate Abilities, Weirdness & Mutations

You have a pair of large antennae on your head. (SInv)
You regenerate a little health from kills.
Spells you cast may paralyse adjacent enemies.
You have a tail ending in a sharp stinger.


Message History

Items here: )) [[ †.
Unknown command.
You barely miss the meliai.
The meliai is lightly wounded.
You feel sick. The meliai hits you but does no damage.
The meliai completely misses you. The meliai hits you but does no damage.
You block the meliai's attack. The meliai hits you but does no damage.
The meliai stings you but does no damage.
You miss the meliai.
The meliai is lightly wounded.
You feel sick. The meliai hits you but does no damage.
You block the meliai's attack. The meliai hits you but does no damage.
The meliai stings you.
* * * LOW HITPOINT WARNING * * *
You puncture the meliai! You freeze the meliai.
The meliai is severely wounded.
You feel sick. You block the meliai's attack. x2
The meliai hits you but does no damage.
The meliai stings you but does no damage.
You feel much better.
You feel sick. You block the meliai's attack.
The meliai stings you but does no damage.
The meliai closely misses you. x2; You block the meliai's attack. x2
You closely miss the meliai. You tail-slap the meliai.
The meliai is almost dead.
You feel sick.
You are no longer poisoned.
The meliai hits you with a +0 hand axe!
* * * LOW HITPOINT WARNING * * *
The meliai barely misses you. You block the meliai's attack. x2
The meliai hits you with a +0 hand axe.
* * * LOW HITPOINT WARNING * * *
You block the meliai's attack.
You hit the meliai but do no damage.
The meliai is severely wounded.
The meliai invokes the aid of its god against you.
Something smites you!
* * * LOW HITPOINT WARNING * * *
The meliai invokes the aid of its god against you.
Something smites you!
You die...

###..###########...######
#8#..#^..)©)"..#...#..!.©
###..#.#...###.#...#.#...
#..#.###...#.#...#.##..
###..#...###...#...#..###
#8#..#^#..©###.#...#....©
###..#.###...#.#...#..##.
#..#...###...#...#.##..
###..#.#@..###.#...#.#...
#8#..#..y......#...#wYYY.
###..###########..§######
#.....#.©.#....≈§......
###...8.#...#...≈8§......
#8#.....#.©.#....≈.......
###..###########...######
#..##...©[..##...#.≈.[©
###..#.#.....#.#...#.≈.≈.


You could see a meliai.

Vanquished Creatures
  A fire dragon (D:10)
  A boulder beetle (D:10)
  6 centaur warriors
  4 two-headed ogres
  A tengu warrior (D:10)
  Pikel (D:7)
  A wolf spider (shapeshifter) (Gauntlet)
  2 ugly things (D:12)
  2 manticores
  2 cyclopes
  A guardian serpent (shapeshifter) (Gauntlet)
  2 unseen horrors
  A komodo dragon (Lair:1)
  A kobold demonologist (D:12)
  2 meliai (Gauntlet)
  6 trolls
  Prince Ribbit (D:7)
  3 blink frogs (Lair:1)
  A centaur simulacrum (D:10)
  A spriggan (shapeshifter) (Gauntlet)
  2 shadows (D:11)
  A wyvern (D:7)
  15 yaks
  A basilisk (Lair:1)
  A steam dragon (D:9)
  A vampire mosquito (D:11)
  4 water moccasins
  6 orc warriors
  A black bear (D:7)
  2 necrophages
  2 ogres
  5 centaurs
  5 wolves (D:8)
  2 kobold brigands
  A lemure (D:7)
  3 gnoll sergeants
  2 bullfrogs
  2 scorpions (D:7)
  A water moccasin skeleton (D:5)
  8 killer bees
  2 howler monkeys
  4 hounds
  2 centaur zombies
  A bullfrog skeleton (D:5)
  7 orc priests
  A gnoll shaman (D:8)
  A jelly (D:7)
  2 centaur skeletons
  3 iguanas
  9 orc wizards
  A hound skeleton (D:4)
  20 gnolls
  3 adders
  2 howler monkey skeletons
  2 white imps
  5 worms
  6 dart slugs
  55 orcs
  8 endoplasms
  6 giant cockroaches
  8 goblins
  9 hobgoblins
  8 jackals (D:1)
  6 quokkas
  10 ball pythons
  8 bats
  2 frilled lizards
  17 kobolds
  A quokka skeleton (D:4)
  4 rats
318 creatures vanquished.

Vanquished Creatures (others)
  3 fungi (D:3)
  3 plants (D:3)
  17 withered plants
23 creatures vanquished.

Grand Total: 341 creatures vanquished

Notes
Turn   | Place    | Note
-------+----------+-------------------------------------------
     0 | D:1      | MirrMurr the Demonspawn Berserker began the quest for the
                  | Orb.
     0 | D:1      | Reached XP level 1. HP: 18/18 MP: 1/1
   240 | D:1      | You fall into a shaft and drop 1 floor!
   339 | D:2      | Gained mutation: Spells you cast may paralyse adjacent
                  | enemies. [demonic ancestry]
   339 | D:2      | Reached XP level 2. HP: 21/24 MP: 2/2
   355 | D:1      | Reached skill level 3 in Polearms
   737 | D:1      | Discovered your monstrous ancestry.
   737 | D:1      | Gained mutation: You have a pair of small antennae on your
                  | head. [demonic ancestry]
   737 | D:1      | Reached XP level 3. HP: 27/29 MP: 3/3
   778 | D:1      | Reached ** piety under Trog
  1444 | D:2      | Gained mutation: You regenerate a little health from kills.
                  | [demonic ancestry]
  1444 | D:2      | Reached XP level 4. HP: 35/35 MP: 4/4
  1978 | D:2      | Reached XP level 5. HP: 42/42 MP: 5/5
  2487 | D:2      | Reached skill level 4 in Polearms
  3032 | D:3      | Found a radiant altar of Vehumet.
  3036 | D:3      | Found a sparkling altar of Nemelex Xobeh.
  3113 | D:3      | Reached *** piety under Trog
  3147 | D:3      | Found Gufoaw's General Store.
  3369 | D:3      | Found a runed translucent door.
  3392 | D:3      | Noticed Revguard's ghost (amateur DjGl)
  3565 | D:3      | Found a runed translucent door.
  3580 | D:3      | Found a faded altar of an unknown god.
  3636 | D:3      | Gained mutation: You have a pair of antennae on your head.
                  | [demonic ancestry]
  3636 | D:3      | Reached XP level 6. HP: 48/48 MP: 6/6
  4295 | D:4      | Reached skill level 5 in Polearms
  4317 | D:4      | Reached XP level 7. HP: 8/55 MP: 7/7
  5311 | D:5      | Entered Level 5 of the Dungeon
  5459 | D:5      | Found a staircase to the Ecumenical Temple.
  6118 | D:5      | Reached skill level 5 in Fighting
  6118 | D:5      | Reached skill level 6 in Polearms
  6369 | Temple   | Entered the Ecumenical Temple
  6631 | D:6      | Found Qolijeat's Jewellery Emporium.
  6652 | D:6      | Found a sacrificial altar of Ru.
  6784 | D:6      | Reached XP level 8. HP: 52/62 MP: 8/8
  6858 | D:6      | Noticed a cyclops
  6872 | D:6      | Killed a cyclops
  7146 | D:6      | Reached skill level 7 in Polearms
  7846 | D:7      | Noticed Pikel
  7862 | D:7      | Killed Pikel
  7863 | D:7      | Reached skill level 5 in Armour
  7863 | D:7      | Reached skill level 5 in Dodging
  7863 | D:7      | Reached XP level 9. HP: 69/69 MP: 9/9
  8038 | D:7      | Reached skill level 8 in Polearms
  8251 | D:7      | Noticed Prince Ribbit
  8256 | D:7      | Killed Prince Ribbit
  8256 | D:7      | Reached **** piety under Trog
  8650 | D:8      | Found Zin's Purification Station.
  9047 | D:8      | Noticed a troll
  9048 | D:8      | Found a staircase to the Lair.
  9069 | D:8      | Gained mutation: You have a pair of large antennae on your
                  | head. (SInv) [demonic ancestry]
  9069 | D:8      | Reached XP level 10. HP: 65/79 MP: 10/10
  9076 | D:8      | Reached skill level 9 in Polearms
  9846 | D:9      | Found Cofubuoq's CLEARANCE SALE!.
  9870 | D:9      | Noticed a two-headed ogre
  9878 | D:9      | Killed a two-headed ogre
 10336 | D:9      | Found a runed translucent gate.
 10337 | D:9      | Found a runed translucent gate.
 10337 | D:9      | Found a runed translucent gate.
 10338 | D:9      | Noticed glosham's ghost (amateur OpDe)
 10339 | D:9      | Noticed joakim's ghost (novice MiBe)
 10339 | D:9      | Noticed denis1488's ghost (novice DrTm)
 10420 | D:9      | Found a hide-covered altar of Uskayaw.
 10542 | D:9      | Bought 2 boomerangs for 5 gold pieces
 10549 | D:10     | Entered Level 10 of the Dungeon
 10572 | D:10     | Noticed a tengu warrior
 10572 | D:10     | Noticed a centaur warrior
 10594 | D:10     | Killed a tengu warrior
 10595 | D:10     | Reached skill level 10 in Polearms
 10664 | D:10     | Noticed a fire dragon
 10681 | D:10     | Killed a fire dragon
 10954 | D:10     | Killed a centaur warrior
 10955 | D:10     | Gained mutation: You have a small tail. [demonic ancestry]
 10955 | D:10     | Reached XP level 11. HP: 50/86 MP: 11/11
 11211 | D:10     | Noticed a centaur warrior
 11227 | D:10     | Killed a centaur warrior
 11408 | D:10     | Noticed a boulder beetle
 11432 | D:10     | Killed a boulder beetle
 11816 | D:10     | Found Tackiphi's Magic Scroll Emporium.
 12110 | D:10     | Found a staircase to the Orcish Mines.
 13186 | D:10     | Found a staircase to the Orcish Mines.
 13282 | D:10     | Found Tackiphi's Magic Scroll Emporium.
 13480 | D:11     | Reached skill level 11 in Polearms
 13588 | D:11     | Noticed a two-headed ogre
 13610 | D:11     | Killed a two-headed ogre
 13611 | D:11     | Reached skill level 1 in Shields
 14665 | D:11     | Noticed a two-headed ogre
 14680 | D:11     | Killed a two-headed ogre
 15261 | D:12     | Noticed a red ugly thing
 15285 | D:12     | Killed a red ugly thing
 15350 | D:12     | Noticed a centaur warrior
 15367 | D:12     | Killed a centaur warrior
 15539 | D:12     | Noticed a centaur warrior
 15543 | D:12     | Noticed a centaur warrior
 15543 | D:12     | Identified the +0 scale mail of Cocytus {Str+2}
 15547 | D:12     | Noticed a red ugly thing
 15561 | D:12     | Noticed a two-headed ogre
 15562 | D:12     | Killed a red ugly thing
 15563 | D:12     | Gained mutation: You have a tail ending in a sharp stinger.
                  | [demonic ancestry]
 15563 | D:12     | Reached XP level 12. HP: 22/95 MP: 12/12
 15565 | D:12     | HP: 6/142 [centaur/arrow (2)]
 15571 | D:12     | Killed a two-headed ogre
 16274 | D:12     | Killed a centaur warrior
 16481 | D:12     | Noticed a centaur warrior
 16490 | D:12     | Reached skill level 12 in Polearms
 16501 | D:12     | Killed a centaur warrior
 16550 | D:12     | Killed a centaur warrior
 17027 | Lair:1   | Entered Level 1 of the Lair of Beasts
 17485 | Lair:1   | Found a gate leading to a gauntlet.
 17531 | Gauntlet | Entered a Gauntlet
 17531 | Gauntlet | Noticed a two-headed ogre
 17531 | Gauntlet | Found a transporter.
 17531 | Gauntlet | Found a transporter.
 17531 | Gauntlet | Found a transporter.
 17563 | Gauntlet | a two-headed ogre changed into an orb spider
 17573 | Gauntlet | Noticed a great orb of eyes
 17573 | Gauntlet | a wolf spider changed into a great orb of eyes
 17578 | Gauntlet | a great orb of eyes changed into a slime creature
 17632 | Gauntlet | Noticed a two-headed ogre
 17632 | Gauntlet | an orb spider changed into a two-headed ogre
 17635 | Gauntlet | Noticed a bunyip
 17635 | Gauntlet | a torpor snail changed into a bunyip
 17637 | Gauntlet | Noticed a broodmother
 17637 | Gauntlet | a bunyip changed into a broodmother
 17639 | Gauntlet | a two-headed ogre changed into a fire crab
 17640 | Gauntlet | Noticed a radroach
 17640 | Gauntlet | a broodmother changed into a radroach
 17641 | Gauntlet | Noticed an entropy weaver
 17641 | Gauntlet | a radroach changed into an entropy weaver
 17653 | Gauntlet | Noticed a great orb of eyes
 17653 | Gauntlet | an entropy weaver changed into a great orb of eyes
 17669 | Gauntlet | Noticed a spark wasp
 17669 | Gauntlet | a great orb of eyes changed into a spark wasp
 17673 | Gauntlet | Noticed an entropy weaver
 17673 | Gauntlet | a spark wasp changed into an entropy weaver
 17676 | Gauntlet | Noticed a bunyip
 17676 | Gauntlet | an entropy weaver changed into a bunyip
 17681 | Gauntlet | a bunyip changed into a wolf spider
 17683 | Gauntlet | Found a transporter.
 17687 | Gauntlet | Found a transporter.
 17697 | Gauntlet | Found a transporter.
 17718 | Gauntlet | Found a transporter.
 17731 | Gauntlet | Noticed a jorogumo
 17735 | Gauntlet | Noticed an alligator
 17735 | Gauntlet | a jorogumo changed into an alligator
 17754 | Gauntlet | Found a transporter.
 17776 | Gauntlet | Found a transporter.
 17782 | Gauntlet | Found a transporter.
 17792 | Gauntlet | Noticed a death scarab
 17794 | Gauntlet | Found a transporter.
 17806 | Gauntlet | Found a transporter.
 17979 | Gauntlet | Killed from afar by a meliai

Illustrated notes

Levels and vault maps discovered:
D:1:      kilobyte_arrival_exit_the_forest, layout_rooms
D:2:      layout_basic, minmay_between
D:3:      layout_rooms, nicolae_overflow_squiral, ebering_ghost_sewer_f,
          dreamdust_ecumenical_altar_grove, serial_shops, nicolae_shop_stone,
          nicolae_wormholes
D:4:      layout_basic, kennysheep_small_spiral, minmay_unequal
D:5:      layout_gridville, minmay_temple_entry_poolview
D:6:      layout_basic, mainiacjoe_overflow_catwalk_spiral, serial_shops,
          nicolae_shop_window_shopping
D:7:      layout_basic, uniq_prince_ribbit1, uniq_pikel
D:8:      layout_basic, zin_purify, erik_lair_island
D:9:      layout_cave_pools, lemuel_coloured_pillars_altar,
          gammafunk_ghost_cemetery, nicolae_shop_clearance
D:10:     minmay_curly_fans, layout_gridville, hiddenorc1_lemuel, serial_shops,
          shop
D:11:     layout_irregular_city
D:12:     minmay_the_grid_square_5x5_4x4_mashed
          [minmay_the_grid_square_5x5_checkered,
          minmay_the_grid_square_5x5_shrine1, minmay_the_grid_square_5x5_seven,
          minmay_the_grid_square_5x5_doubleslash,
          minmay_the_grid_square_5x5_dogpile,
          minmay_the_grid_square_5x5_prize_waves,
          minmay_the_grid_square_5x5_prize_rear_guard,
          minmay_the_grid_square_5x5_longway, minmay_the_grid_square_5x5_comb,
          minmay_the_grid_square_5x5_prize_snowflake,
          minmay_the_grid_square_5x5_prize_itemx,
          minmay_the_grid_square_5x5_inverted_slash,
          minmay_the_grid_square_5x5_two_small,
          minmay_the_grid_square_5x5_half_checkered,
          minmay_the_grid_square_5x5_c, minmay_the_grid_square_5x5_one_wall],
          layout_rooms
Temple:   nicolae_temple_elliptical
Lair:1:   dpeg_oklob_gauntlet, layout_gridlike, gauntlet_entry_generic,
          small_statue_intersection
Gauntlet: gammafunk_gauntlet_shortcut [nicolae_gauntlet_arena_x,
          nicolae_gauntlet_arena_grate_2, nicolae_gauntlet_arena_flowing_pool,
          gammafunk_gauntlet_arena_spirals,
          gammafunk_gauntlet_arena_arrow_garden,
          gammafunk_gauntlet_arena_split_x, gauntlet_exit_hidden_loot]

Skill      XL: |  1  2  3  4  5  6  7  8  9 10 11 12 |
---------------+-------------------------------------+-----
Polearms       | 3 4 5 6 7 8 10 11 12 | 12.5
Armour         | 2 3 4 5 6 7 8 |  8.8
Dodging        | 2 3 4 5 6 7 8 |  8.9
Fighting       | 4 5 6 7 8 9 |  9.9
Shields        | 2 4 |  4.2

Action                   |  1- 3 |  4- 6 |  7- 9 | 10-12 || total
-------------------------+-------+-------+-------+-------++-------
Melee: Spear             |   187 |   210 |       |       ||   397
       Punch             |     2 |     3 |     4 |     5 ||    14
       Trident           |       |    33 |   359 |   641 ||  1033
       Tailslap          |       |       |       |    90 ||    90
 Fire: Hunting sling     |       |    28 |    19 |       ||    47
Throw: Stone             |       |     2 |       |       ||     2
       Boomerang         |       |     1 |       |     7 ||     8
Invok: Berserk           |     2 |     6 |     7 |    20 ||    35
       Trog's Hand       |       |       |     4 |     4 ||     8
  Use: Scroll            |     4 |     4 |    13 |    14 ||    35
       Potion            |       |     2 |       |     2 ||     4
 Stab: Sleeping          |     1 |       |       |       ||     1
       Invisible         |       |     2 |       |       ||     2
Armor: Animal skin       |    22 |       |       |       ||    22
       Scale mail        |    72 |    40 |       |       ||   112
       Chain mail        |       |    21 |   162 |   357 ||   540
Dodge: Dodged            |    90 |    84 |   143 |   347 ||   664
Block: Kite shield       |       |       |       |   158 ||   158
